 Dungeon Crawl Stone Soup version 0.29.0-4-gdea44cf6ec (webtiles) character file.

Game seed: 4243129769057745786

98 qw the Sneak (level 4, -2/28 HPs)
             Began as a Gargoyle Delver on Sept 10, 2022.
             Slain by a gnoll
             ... wielding a +0 spear
              (4 damage)
             ... on level 2 of the Dungeon.
             The game lasted 00:01:12 (2750 turns).

qw the Sneak (Gargoyle Delver)                      Turns: 2750, Time: 00:01:12

Health: -2/28      AC:  8    Str: 18    XL:     4   Next: 71%
Magic:  4/4        EV: 11    Int: 10    God:
Gold:   115        SH:  0    Dex: 11    Spells: 3/3 levels left

rFire   . . .      SeeInvis .   b - +0 war axe
rCold   . . .      Faith    .   (no shield)
rNeg    + . .      Spirit   .   e - +0 ring mail
rPois   inf        Reflect  .   (no helmet)
rElec   +          Harm     .   c - scarf {repulsion}
rCorr   .          Rampage  .   (no gloves)
Will    .....                   (no boots)
Stlth   ++........              (no amulet)
HPRegen 0.09/turn               (no ring)
MPRegen 0.09/turn               (no ring)

@: repel missiles
A: sickness immunity, AC +3, negative energy resistance 1, electricity
resistance, torment resistance 1, petrification resistance
a: no special abilities


You were on level 2 of the Dungeon.
You visited 1 branch of the dungeon, and saw 5 of its levels.

You collected 115 gold pieces.


Innate Abilities, Weirdness & Mutations

You are immune to sickness and miasma.
Your stone body is resilient. (AC +3)
You are immune to poison.
You resist negative energy. (rN+)
You are resistant to electric shocks. (rElec)
You are resistant to unholy torment.
You are immune to petrification.


   Skills:
 - Level 3.2 Fighting
 + Level 4.1 Axes
 - Level 1.1 Armour
 - Level 1.5 Dodging
 - Level 5.4 Stealth


You had 3 spell levels left.
You didn't know any spells.
Your spell library was empty.

Inventory:

Hand Weapons
 b - a +0 war axe (weapon)
 h - a +0 whip of venom
Armour
 c - a scarf of repulsion (worn)
 e - a +0 ring mail (worn)
Wands
 g - a wand of digging (3)
Potions
 a - 2 potions of heal wounds {unknown}
 d - a potion of curing
 f - a potion of haste
 k - a potion of lignification {unknown}

Dungeon Overview and Level Annotations

Branches:
Dungeon (5/15)
 Temple: D:4-7

Altars:
Wu Jian

Shops:
D:4 =

Annotations:
D:4 3 runed translucent doors, qw's ghost, weakling GrDe


Message History

The gnoll completely misses you. The gnoll hits you but does no damage.
You closely miss the gnoll. The gnoll hits you but does no damage.
The gnoll completely misses you. The gnoll hits you but does no damage.
The gnoll closely misses you.
You barely miss the gnoll. The gnoll closely misses you.
The gnoll hits you from afar with a +0 spear.
You hit the gnoll.
The gnoll is heavily wounded.
The gnoll hits you with a +0 spear.
The gnoll hits you from afar with a +0 spear.
You barely miss the gnoll.
The gnoll is heavily wounded.
The gnoll hits you but does no damage. The gnoll barely misses you.
The gnoll hits you but does no damage. The gnoll misses you.
You hit the gnoll.
The gnoll is heavily wounded.
The gnoll closely misses you. x2
You barely miss the gnoll.
The gnoll is heavily wounded.
The gnoll closely misses you. The gnoll barely misses you.
You closely miss the gnoll.
The gnoll is heavily wounded.
The gnoll barely misses you. x2; The gnoll hits you with a +0 spear.
The gnoll barely misses you.
You hit the gnoll.
The gnoll is severely wounded.
The gnoll hits you but does no damage. x2
You hit the gnoll.
You kill the gnoll!
The gnoll hits you but does no damage. The gnoll hits you with a +0 spear.
You see here a +0 spear.
You hit the gnoll.
The gnoll is moderately wounded.
The gnoll hits you with a +0 spear.
You closely miss the gnoll.
The gnoll is moderately wounded.
The gnoll hits you with a +0 spear. x2
You die...

#. ..# #...'.......
#..##.####.###.......
#.....#.)..# #.......
#.##.#.#######......
#............#......
#............#......
#...##.........#......
#.#.#####'####.....##...
#>....g@................
#########)######.#.####.
#........#.# #.
#######..#.# #.
#############).#.####.
......................
#######.#####..######.
#.# #..# #. #.# #..# #.


You could see a gnoll.

Vanquished Creatures
  2 gnolls (D:2)
  3 adders
  5 bats (D:1)
  3 endoplasms
  3 giant cockroaches
  5 goblins
  6 hobgoblins (D:1)
  7 kobolds
  2 quokkas (D:4)
  6 ball pythons
  3 frilled lizards
  3 rats (D:1)
48 creatures vanquished.

Notes
Turn   | Place    | Note
-------+----------+-------------------------------------------
     0 | D:5      | qw the Gargoyle Delver began the quest for the Orb.
     0 | D:5      | Reached XP level 1. HP: 14/14 MP: 1/1
     0 | D:5      | 0 ||| qw: Version: 0.1-a-116-g5d60599
     0 | D:5      | 0 ||| qw: Game counter: 8625
     0 | D:5      | 0 ||| qw: Always use a shield: true
     0 | D:5      | 0 ||| qw: God list: Okawaru
     0 | D:5      | 0 ||| qw: Allow faded altars: false
     0 | D:5      | 0 ||| qw: Do Orc after D:15 true
     0 | D:5      | 0 ||| qw: Do second Lair branch before Depths: true
     0 | D:5      | 0 ||| qw: Lair rune preference: random
     0 | D:5      | 0 ||| qw: Plans: Normal
     0 | D:5      | 0 ||| PLANNING D:1-11
     0 | D:5      | 0 ||| DROPPING scroll of fog.
     1 | D:5      | 1 ||| DROPPING scroll of magic mapping.
     2 | D:5      | 2 ||| DROPPING scroll of fear.
    11 | D:4      | 11 ||| PLANNING SEWER
    39 | D:4      | Found an ornate altar of the Wu Jian Council.
   170 | D:4      | Reached XP level 2. HP: 19/19 MP: 2/2
   193 | D:4      | Found a runed translucent gate.
   204 | D:4      | Found a runed translucent gate.
   324 | D:4      | Found Wukhex's Jewellery Boutique.
   329 | D:4      | 329 ||| SHOPLISTING +4 ring of protection (504 gold, have
                  | 16).
   329 | D:4      | 329 ||| SHOPLISTING amulet of guardian spirit (420 gold,
                  | have 16).
   329 | D:4      | 329 ||| SHOPLISTING amulet of reflection (420 gold, have
                  | 16).
   329 | D:4      | 329 ||| SHOPLISTING amulet of the acrobat (420 gold, have
                  | 16).
   329 | D:4      | 329 ||| SHOPLISTING ring of Juopnode {Fire +Blink rN+
                  | Str+2} (663 gold, have 16).
   329 | D:4      | 329 ||| SHOPLISTING ring of ice (350 gold, have 16).
   329 | D:4      | 329 ||| SHOPLISTING ring of the Suburbs {Contam rElec rF+
                  | Int+7 SInv} (732 gold, have 16).
   669 | D:4      | 669 ||| RIP SEWER
   676 | D:4      | 676 ||| PLANNING D:1-11
   676 | D:4      | 676 ||| READING scroll labelled KIXONI ALOYP.
   702 | D:4      | Noticed qw's ghost (weakling GrDe)
   704 | D:4      | Found a runed translucent gate.
   739 | D:3      | Reached skill level 3 in Axes
   788 | D:3      | 788 ||| Stepping ~*~*~tactically~*~*~ (stealth).
   795 | D:3      | 795 ||| Stepping ~*~*~tactically~*~*~ (stealth).
   801 | D:3      | 801 ||| Stepping ~*~*~tactically~*~*~ (stealth).
   856 | D:2      | Reached XP level 3. HP: 23/23 MP: 3/3
  1303 | D:1      | 1303 ||| Stepping ~*~*~tactically~*~*~ (stealth).
  1309 | D:1      | 1309 ||| Stepping ~*~*~tactically~*~*~ (stealth).
  1310 | D:1      | 1310 ||| Stepping ~*~*~tactically~*~*~ (stealth).
  1311 | D:1      | 1311 ||| Stepping ~*~*~tactically~*~*~ (stealth).
  1312 | D:1      | 1312 ||| Stepping ~*~*~tactically~*~*~ (stealth).
  1317 | D:1      | 1317 ||| Stepping ~*~*~tactically~*~*~ (stealth).
  1319 | D:1      | 1319 ||| Stepping ~*~*~tactically~*~*~ (stealth).
  1320 | D:1      | 1320 ||| Stepping ~*~*~tactically~*~*~ (stealth).
  1332 | D:1      | 1332 ||| Stepping ~*~*~tactically~*~*~ (stealth).
  1338 | D:1      | 1338 ||| Stepping ~*~*~tactically~*~*~ (stealth).
  1339 | D:1      | 1339 ||| Stepping ~*~*~tactically~*~*~ (stealth).
  1340 | D:1      | 1340 ||| Stepping ~*~*~tactically~*~*~ (stealth).
  1341 | D:1      | 1341 ||| Stepping ~*~*~tactically~*~*~ (stealth).
  1342 | D:1      | 1342 ||| Stepping ~*~*~tactically~*~*~ (stealth).
  1348 | D:1      | 1348 ||| Stepping ~*~*~tactically~*~*~ (stealth).
  1356 | D:1      | 1356 ||| Stepping ~*~*~tactically~*~*~ (stealth).
  1390 | D:1      | 1390 ||| Stepping ~*~*~tactically~*~*~ (stealth).
  1423 | D:1      | 1423 ||| Stepping ~*~*~tactically~*~*~ (stealth).
  1424 | D:1      | 1424 ||| Stepping ~*~*~tactically~*~*~ (stealth).
  1457 | D:1      | 1457 ||| Stepping ~*~*~tactically~*~*~ (stealth).
  1466 | D:1      | 1466 ||| Stepping ~*~*~tactically~*~*~ (stealth).
  1611 | D:1      | Reached XP level 4. HP: 28/28 MP: 4/4
  1612 | D:1      | 1612 ||| DROPPING +0 whip.
  1695 | D:1      | 1695 ||| Stepping ~*~*~tactically~*~*~ (stealth).
  1696 | D:1      | 1696 ||| Stepping ~*~*~tactically~*~*~ (stealth).
  1697 | D:1      | 1697 ||| Stepping ~*~*~tactically~*~*~ (stealth).
  2506 | D:1      | 2506 ||| UPGRADING to scarf of repulsion.
  2511 | D:1      | 2511 ||| UPGRADING to +0 ring mail.
  2521 | D:1      | 2521 ||| DROPPING +0 leather armour.
  2522 | D:1      | 2522 ||| READING scroll labelled IKIDDI DORI.
  2523 | D:1      | 2523 ||| READING scroll labelled GUCRIL YDGHYCH.
  2527 | D:1      | 2527 ||| DRINKING 2 grey potions.
  2536 | D:1      | 2536 ||| Stepping ~*~*~tactically~*~*~ (stealth).
  2555 | D:2      | 2555 ||| SWAPPING to +0 war axe.
  2564 | D:2      | 2564 ||| DROPPING +0 hand axe.
  2626 | D:2      | 2626 ||| Stepping ~*~*~tactically~*~*~ (hiding).
  2728 | D:2      | 2728 ||| Stepping ~*~*~tactically~*~*~ (hiding).
  2738 | D:2      | Reached skill level 1 in Armour
  2745 | D:2      | HP: 6/28 [gnoll/+0 spear (2)]
  2750 | D:2      | HP: 2/28 [gnoll/+0 spear (3)]
  2750 | D:2      | Slain by a gnoll

Levels and vault maps discovered:
D:1:      ncdulo_halloftheorcs, layout_loops_corners
D:2:      layout_basic, ebering_ecumenical_altar_mist
D:3:      layout_rooms, dk_vineyard_2, uniq_ijyb
D:4:      layout_basic, beargit_hepliaklqana_dungeon_heroes,
          nzn_wu_jian_contemplation, kennysheep_mini_moat,
          gup_sewer_entry_spiral, serial_shops, shop, gammafunk_ghost_split
D:5:      layout_loops_ring, lemuel_doored_altar, serial_glass, glass_columns_a,
          glass_columns_a, uniq_sigmund, uniq_duvessa

Skill      XL: |  1  2  3  4 |
---------------+-------------+-----
Axes           | 2 3 4 |  4.1
Armour         | 1 |  1.1
Fighting       | |  3.2
Dodging        | |  1.5
Stealth        | |  5.4

Action                   |  1- 3 |  4- 6 || total
-------------------------+-------+-------++-------
Melee: Hand axe          |   118 |    59 ||   177
       War axe           |       |    16 ||    16
       Punch             |       |     1 ||     1
  Use: Scroll            |     1 |     2 ||     3
       Potion            |       |     1 ||     1
 Stab: Sleeping          |     1 |       ||     1
Armor: Leather armour    |    32 |    27 ||    59
       Ring mail         |       |     9 ||     9
Dodge: Dodged            |    62 |    49 ||   111

Table legend:
 A = Non-vault XP
 B = Vault XP
 C = Vault XP percentage of total XP
 D = Non-vault monster count
 E = Vault monster count
 F = Vault count percentage of total count
                 A         B        C        D         E       F
            +---------+---------+-------+---------+---------+-------
      Total |     137 |       4 |   2.8 |      46 |       2 |   4.2
            +---------+---------+-------+---------+---------+-------
        D:1 |      43 |       0 |   0.0 |      27 |       0 |   0.0
        D:2 |      65 |       0 |   0.0 |       9 |       0 |   0.0
        D:3 |       6 |       0 |   0.0 |       4 |       0 |   0.0
        D:4 |      23 |       4 |  14.8 |       6 |       2 |  25.0
            +---------+---------+-------+---------+---------+-------
